 Dungeon Crawl Stone Soup version 0.29.1-2-gbd0b4ee654 (webtiles) character file.

Game seed: 11513575615071635023

71 brog198 the Shooter (level 4, -3/38 HPs)
             Began as a Minotaur Hunter on Nov 28, 2022.
             Slain by Sigmund
             ... wielding a +0 scythe
              (4 damage)
             ... on level 3 of the Dungeon.
             The game lasted 00:00:05 (1364 turns).

brog198 the Shooter (Minotaur Hunter)               Turns: 1364, Time: 00:00:06

Health: -3/38      AC:  3    Str: 17    XL:     4   Next: 5%
Magic:  3/3        EV: 12    Int:  6    God:
Gold:   121        SH:  0    Dex: 14    Spells: 3/3 levels left

rFire   . . .      SeeInvis .   a - +0 shortbow
rCold   . . .      Faith    .   (shield currently unavailable)
rNeg    . . .      Spirit   .   c - +0 leather armour
rPois   .          Reflect  .   (helmet restricted)
rElec   .          Harm     .   (no cloak)
rCorr   .          Rampage  .   (no gloves)
Will    .....                   (no boots)
Stlth   ++........              (no amulet)
HPRegen 0.12/turn               (no ring)
MPRegen 0.08/turn               (no ring)

@: no status effects
A: horns 2, retaliatory headbutt
a: no special abilities


You were on level 3 of the Dungeon.
You visited 1 branch of the dungeon, and saw 3 of its levels.

You collected 121 gold pieces.

Inventory:

Hand Weapons
 a - a +0 shortbow (weapon)
Armour
 c - a +0 leather armour (worn)
Wands
 k - a wand of polymorph (10)
Scrolls
 b - a scroll of immolation
 e - a scroll of fog {unknown}
 h - a scroll of vulnerability {unknown}
 i - a scroll of identify {unknown}
 j - a scroll of blinking {unknown}
 l - a scroll of torment {unknown}
 m - a scroll of fear {unknown}
 n - a scroll of magic mapping {unknown}
 o - a scroll of amnesia {unknown}
 q - a scroll of enchant armour {unknown}
Potions
 d - 2 potions of magic {unknown}
 f - a potion of ambrosia {unknown}
 g - 2 potions of curing {unknown}
 p - a potion of might {unknown}
 r - a potion of flight {unknown}


   Skills:
 + Level 3.3 Fighting
 + Level 4.9 Ranged Weapons
 + Level 3.0 Dodging
 + Level 1.8 Stealth


You had 3 spell levels left.
You didn't know any spells.
Your spell library contained the following spells:

 Spells                   Type           Power      Damage    Failure   Level
 Apportation              Tloc           0%         N/A       52%         1
 Necrotise                Necr           0%         1d4       52%         1
 Summon Small Mammal      Summ           0%         N/A       52%         1


Dungeon Overview and Level Annotations

Branches:
Dungeon (3/15)

Altars:
Gozag

Shops:
D:1 *

Annotations:
D:3 Sigmund


Innate Abilities, Weirdness & Mutations

You have a pair of horns on your head.
You reflexively headbutt those who attack you in melee.


Message History

Sigmund is nearby!
You shoot an arrow. The arrow closely misses Sigmund.
Sigmund casts a spell.
Sigmund flickers and vanishes!
Deactivating autopickup; reactivate with Ctrl-A.
There is a strange disturbance nearby!
There is a strange disturbance nearby!
Something hits you but does no damage.
No target in view!
There is a strange disturbance nearby!
There is a strange disturbance nearby!
Something barely misses you.
No target in view!
There is a strange disturbance nearby!
There is a strange disturbance nearby!
There is a strange disturbance nearby!
Something hits you!
No target in view!
There is a strange disturbance nearby!
There is a strange disturbance nearby!
Something hits you!
No target in view!
There is a strange disturbance nearby!
There is a strange disturbance nearby!
There is a strange disturbance nearby!
Something hits you but does no damage.
No target in view!
There is a strange disturbance nearby!
There is a strange disturbance nearby!
Something hits you.
No target in view!
There is a strange disturbance nearby!
There is a strange disturbance nearby!
There is a strange disturbance nearby!
Something hits you.
No target in view!
There is a strange disturbance nearby!
There is a strange disturbance nearby!
Something hits you.
You die...

...... ..... . ........
.. ....... ...
......####.... ...
.{...)?.. #.###........
##.##<@# #..
#.....#....... ....#
##...........##
.....#####....###....##
..............# ......
......#.....###
..##..##
........###.###...#
#...
........#........## ###
..........##.##.###


There were no monsters in sight!

Vanquished Creatures
  Robin (D:2)
  An adder (D:2)
  A dart slug (D:1)
  4 endoplasms
  2 giant cockroaches (D:2)
  13 goblins
  10 hobgoblins
  2 ball pythons
  4 bats
  A frilled lizard (D:2)
  2 kobolds
  2 rats (D:2)
43 creatures vanquished.

Notes
Turn   | Place    | Note
-------+----------+-------------------------------------------
     0 | D:1      | brog198 the Minotaur Hunter began the quest for the Orb.
     0 | D:1      | Reached XP level 1. HP: 18/18 MP: 0/0
    33 | D:1      | Found Neiclad's Assorted Antiques.
    82 | D:1      | Reached skill level 1 in Stealth
    92 | D:1      | Reached XP level 2. HP: 23/25 MP: 1/1
   150 | D:1      | Found a faded altar of an unknown god.
   473 | D:2      | Reached XP level 3. HP: 31/31 MP: 2/2
   579 | D:2      | Noticed Robin
   590 | D:2      | Killed Robin
   591 | D:2      | HP: 1/31 [hobgoblin[Robin] (3)]
   891 | D:2      | Found an opulent altar of Gozag.
  1175 | D:2      | Reached XP level 4. HP: 32/38 MP: 3/3
  1340 | D:3      | Noticed Sigmund
  1363 | D:3      | HP: 1/38 [something (5)]
  1364 | D:3      | Slain by Sigmund

Illustrated notes

Levels and vault maps discovered:
D:1:      beargit_arrival_greenhouse, layout_rooms,
          shapermc_ecumenical_altar_mp_highgroup, serial_shops, shop,
          chequers_serial_rivers_marsh
D:2:      layout_basic, basic_altar, uniq_robin
D:3:      cheibrodos_greedy_goblins, layout_rooms, lemuel_doored_altar,
          uniq_natasha, uniq_sigmund

Skill      XL: |  1  2  3 |
---------------+----------+-----
Stealth        | 1 |  1.8
Fighting       | 3 |  3.3
Dodging        | 3 |  3.0
Ranged Weapons | |  4.9

Action                   |  1- 3 |  4- 6 || total
-------------------------+-------+-------++-------
 Fire: Shortbow          |   104 |     9 ||   113
Armor: Leather armour    |    17 |     2 ||    19
Dodge: Dodged            |    54 |     6 ||    60
